 Dungeon Crawl Stone Soup version 0.30-a0-879-ga8ba668304 (webtiles) character file.

Game seed: 14546164526830462413

117955 hikkokomori the Zephyrmancer (level 16, -6/100 HPs)
             Began as a Tengu Wanderer on Mar 12, 2023.
             Was a High Priest of Vehumet.
             Mangled by Arachne
             ... wielding a staff of poison
              (20 damage)
             ... on level 2 of the Spider Nest on Mar 13, 2023.
             The game lasted 02:18:06 (28534 turns).

hikkokomori the Zephyrmancer (Tengu Wanderer)      Turns: 28534, Time: 02:18:06

Health: -6/100     AC: 10    Str: 11    XL:     16   Next: 75%
Magic:  11/41      EV: 28    Int: 23    God:    Vehumet [*****.]
Gold:   1721       SH:  8    Dex: 27    Spells: 0/37 levels left

rFire   + . .      SeeInvis .    V - +8 rapier of Contradiction {spect, Int+3}
rCold   + . .      Faith    .    s - +1 buckler
rNeg    . . .      Spirit   .    A - +3 ring mail of Brilliance {*Corrode Will+ Int+3 Dex+8}
rPois   .          Reflect  .    (helmet restricted)
rElec   .          Rampage  .    S - scarf {rC+ rF+}
rCorr   .                        P - +0 pair of gloves {infuse}
Will    +++..                    (boots unavailable)
Stlth   ++++                     r - amulet "Rujen" {Will+ Regen+}
HPRegen 1.16/turn                n - ring of magical power
MPRegen 0.27/turn                Q - +5 ring of evasion

@: flying quickly and evasively, quick
A: beak, talons 3, nimble flight
a: Renounce Religion


You were on level 2 of the Spider Nest.
You worshipped Vehumet.
Vehumet was extremely pleased with you.
You visited 5 branches of the dungeon, and saw 25 of its levels.

You collected 2917 gold pieces.
You spent 1196 gold pieces at shops.

Inventory:

Hand Weapons
 V - the +8 rapier of Contradiction (weapon) {spect, Int+3}
   (You found it on level 2 of the Lair of Beasts)

   Int:       It affects your intelligence (+3).
Missiles
 b - 2 throwing nets (quivered)
 f - 11 javelins
 m - 6 boomerangs of dispersal
Armour
 d - a -2 hat
 e - a +0 pair of gloves
 s - a +1 buckler (worn)
 u - a +2 robe of resistance
 A - the +3 ring mail of Brilliance (worn) {*Corrode Will+ Int+3 Dex+8}
   (You found it on level 5 of the Dungeon)

   Int:       It affects your intelligence (+3).
   Dex:       It affects your dexterity (+8).
   *Corrode:  It may corrode you when you take damage.
   Will:      It increases your willpower.
 P - a +0 pair of gloves of infusion (worn)
 S - a scarf of resistance (worn)
Jewellery
 j - a ring of fire
 n - a ring of magical power (left hand)
 r - the amulet "Rujen" (around neck) {Will+ Regen+}
   (You bought it in a shop on level 13 of the Dungeon)

   [amulet of regeneration]

   Regen:     It increases your rate of health regeneration.
   Will:      It increases your willpower.
 C - a ring of ice
 J - a ring of magical power
 K - a ring of see invisible
 Q - a +5 ring of evasion (right hand)
Wands
 c - a wand of polymorph (27)
 h - a wand of iceblast (8)
 E - a wand of acid (15)
 R - a wand of flame (32)
 X - a wand of mindburst (17)
 Z - a wand of paralysis (20)
Scrolls
 g - a scroll of fear
 o - 2 scrolls of identify
 q - 4 scrolls of amnesia
 t - 2 scrolls of fog
 D - a scroll of silence
 F - a scroll of magic mapping
 L - 7 scrolls of enchant armour
 N - 4 scrolls of teleportation
 O - 4 scrolls of enchant weapon
 T - 3 scrolls of brand weapon
 W - 2 scrolls of poison
 Y - a scroll of butterflies
Potions
 a - 4 potions of resistance
 i - 3 potions of brilliance
 k - 7 potions of curing
 l - 3 potions of cancellation
 p - 5 potions of mutation
 v - 3 potions of haste
 z - 4 potions of heal wounds
 G - 2 potions of magic
 H - 4 potions of attraction
 I - a potion of invisibility
 M - 2 potions of ambrosia
 U - 2 potions of might
Miscellaneous
 w - a box of beasts
 x - a lightning rod (4/4)
 y - a condenser vane


   Skills:
 - Level 11.0 Fighting
 - Level 8.6 Short Blades
 - Level 4.8 Maces & Flails
 - Level 4.0 Throwing
 + Level 7.0 Armour
 + Level 10.9 Dodging
 - Level 9.0 Stealth
 + Level 6.2 Shields
 + Level 11.1 Spellcasting
 + Level 14.4 Conjurations
 - Level 3.6 Transmutations
 - Level 2.6 Fire Magic
 + Level 14.6 Air Magic
 - Level 2.5 Earth Magic
 - Level 6.4 Evocations


You couldn't memorise any spells.
You knew the following spells:

 Your Spells              Type           Power      Damage    Failure   Level
a - Foxfire               Conj/Fire      100%       2x1d9     1%          1
b - Swiftness             Air            68%        N/A       1%          3
c - Freezing Cloud        Conj/Ice/Air   27%        6-21      1%          5
d - Arcjolt               Conj/Air       34%        1d44      1%          5
e - Lightning Bolt        Conj/Air       34%        1d51      1%          5
f - Stone Arrow           Conj/Erth      100%       3d13      1%          3
g - Ozocubu's Refrigerat  Ice            6%         4d8       100%        7
h - Vhi's Electric Charg  Tloc/Air       92%        N/A       1%          3
i - Irradiate             Conj/Tmut      26%        3d20      2%          5

Your spell library contained the following spells:

 Spells                   Type           Power      Damage    Failure   Level
 Magic Dart               Conj           100%       1d8       1%          1
 Shock                    Conj/Air       100%       1d9       1%          1
 Static Discharge         Conj/Air       100%       2-7/arc   1%          2
 Dazzling Flash           Conj/Hex       92%        N/A       1%          3
 Hailstorm                Conj/Ice       46%        3d11      1%          3
 Mephitic Cloud           Conj/Pois/Air  55%        N/A       1%          3
 Airstrike                Air            34%        2d(5-21)  1%          4
 Flame Wave               Conj/Fire      51%        2d13      1%          4
 Sticky Flame             Conj/Fire      51%        2d7       1%          4
 Conjure Ball Lightning   Conj/Air       34%        3x3d11    1%          6
 Freeze                   Ice            48%        1d6       4%          1
 Sting                    Tmut/Pois      84%        1d7       6%          1
 Inner Flame              Hex/Fire       18%        N/A       7%          3
 Frozen Ramparts          Ice            24%        1d4       11%         3
 Spider Form              Tmut/Pois      21%        N/A       19%         3
 Silence                  Hex/Air        23%        N/A       19%         5
 Call Imp                 Summ           12%        N/A       21%         2
 Ensorcelled Hibernation  Hex/Ice        24%        N/A       21%         2
 Anguish                  Hex/Necr       6%         N/A       80%         4


Dungeon Overview and Level Annotations

Branches:
Dungeon (15/15)            Temple (0/1) D:5            Lair (5/5) D:10
  Swamp (0/4) Lair:3       Spider (2/4) Lair:2        Slime (0/5) Lair:5
    Orc (2/2) D:9             Elf (1/3) Orc:2        Vaults (0/5) D:13
 Depths (0/4) D:15

Altars:
Cheibriados
Kikubaaqudgha
Qazlal
Ru
Trog
Uskayaw
Vehumet
Yredelemnul
Lugonu

Shops:
D:13 =   Orc:2 [=[*?

Portals:
Abyss: Lair:5
Pandemonium: Orc:2

Annotations:
Lair:3 3 runed translucent doors, Ifaaq's ghost, journeyman MiFi; Jeuts's ghost, journeyman MiFi
Spider:2 Arachne


Innate Abilities, Weirdness & Mutations

You have a beak for a mouth.
You have claws for feet.
Your magical nature lets you fly swiftly and evasively.


Message History

Arachne hits you with a staff of poison.
Arachne envenoms you.
You are poisoned.
The steelbarb worm is engulfed in freezing vapours.
Unknown command.
Casting: Arcjolt (mildly dangerous; 1% risk of failure)
Confirm with . or Enter, or press ? or * to list all spells.
Electricity surges outward!
Arachne is heavily wounded.
You kill the steelbarb worm!
Vehumet accepts your kill.
You feel sick.
Arachne is engulfed in freezing vapours.
Arachne misses you.
Arachne is engulfed in freezing vapours.
Arachne hits you with a staff of poison!
Arachne envenoms you!!
You are more poisoned.
The web tears apart.
You feel sick.
Arachne is engulfed in freezing vapours.
Arachne completely misses you.
Unknown command.
Casting: Arcjolt (mildly dangerous; 1% risk of failure)
Confirm with . or Enter, or press ? or * to list all spells.
Electricity surges outward!
Arachne is severely wounded.
You feel sick.
Arachne is engulfed in freezing vapours.
You block Arachne's attack.
Arachne is engulfed in freezing vapours.
Arachne hits you with a staff of poison!!
Arachne envenoms you!!
* * * LOW HITPOINT WARNING * * *
You are more poisoned.
You feel better.
Arachne is engulfed in freezing vapours.
Arachne hits you with a staff of poison!
* * * LOW HITPOINT WARNING * * *
Arachne envenoms you!!
You die...

########...#.##
#....#........#
#^...#.....(.## ..
##...##.†.....# ...
##.....##...#####..^.
#...^.##....#.#.#.^##
#########...#......^.
#..........# (
##...§@..###
...#####H§..#
......#§§####
#.....§§§§#
####.§§§§## ###.§§§#
#.§§§.. ........
...)....##


You could see Arachne.

Vanquished Creatures
  Asterion (Spider:2)
  Rupert (D:13)
  Frances (D:12)
  Donald (Orc:2)
  An emperor scorpion (Spider:1)
  Louise (D:15)
  Nessos (D:15)
  Snorg (D:12)
  2 ettins (D:14)
  2 entropy weavers (Spider:1)
  6 hydras
  A catoblepas (D:15)
  2 demonspawn (Orc:2)
  A radroach (Spider:1)
  3 centaur warriors
  5 two-headed ogres (D:14)
  4 boulder beetles
  6 orc high priests (Orc:2)
  A vampire mage (D:15)
  3 thrashing horrors (Lair:5)
  The ghost of kenny the Eclecticist, a journeyman DECj of Ashenzari (D:14)
  A deep elf knight (Elf:1)
  Urug (D:12)
  Nergalle (D:12)
  A skeletal warrior (D:15)
  Lodul (D:14)
  A spark wasp zombie (D:15)
  An orb spider (Spider:1)
  A glowing orange brain (D:10)
  A necromancer (D:15)
  A bog body (Lair:3)
  3 steelbarb worms
  6 orc knights
  6 deep elf pyromancers
  6 deep elf zephyrmancers (Elf:1)
  5 wolf spiders
  4 orc sorcerers (Orc:2)
  6 cyclopes
  4 manticores
  14 ugly things
  A moth of wrath (shapeshifter) (D:15)
  5 oklob plants
  2 black mambas
  A torpor snail (Spider:2)
  17 elephants
  A demonic crawler (Spider:1)
  A stone giant skeleton (D:15)
  2 gargoyles
  A smoke demon (Lair:5)
  A spriggan zombie (D:15)
  8 cane toads
  A rime drake (shapeshifter) (D:14)
  3 rime drakes
  2 efreet
  11 komodo dragons
  5 kobold demonologists (D:14)
  A tengu conjurer (D:15)
  A guardian mummy (D:15)
  A merfolk (shapeshifter) (Lair:5)
  2 ancient zymes (Lair:5)
  A red devil (Orc:2)
  A hornet (D:8)
  4 polar bears
  11 trolls
  A wolf spider simulacrum (D:15)
  11 tarantellas (Spider:1)
  Prince Ribbit (D:6)
  7 dream sheep (Lair:4)
  21 blink frogs
  9 small abominations (Lair:5)
  A snapping turtle (D:13)
  13 slime creatures
  11 jumping spiders
  2 spriggans (Lair:5)
  7 culicivoras
  A hog (shapeshifter) (Lair:5)
  A vampire (D:13)
  A wraith (D:12)
  3 large abominations (Lair:5)
  24 yaks
  2 wyverns
  3 ynoxinuls (Lair:5)
  16 humans (D:13)
  9 basilisks
  A steam dragon (D:10)
  A chaos spawn (Lair:5)
  A basilisk (shapeshifter) (D:14)
  4 vampire mosquitoes (D:10)
  A fire elemental (Elf:1)
  16 redbacks (Spider:1)
  A glowing shapeshifter zombie (D:15)
  A warg (Orc:1)
  6 water moccasins
  4 acid dragons
  Duvessa (D:6)
  23 orc warriors
  2 black bears
  4 ice beasts
  A sky beast (D:8)
  16 ogres
  19 wolves
  9 centaurs
  A phantom (D:4)
  4 kobold brigands
  10 bullfrogs
  A gnoll sergeant (D:9)
  6 scorpions
  6 wights
  Dowan (D:6)
  12 killer bees
  7 electric eels
  7 howler monkeys
  2 vampire bats (D:10)
  6 hounds
  18 orc priests
  6 jellies
  A gnoll bouda (D:7)
  2 sleepcaps
  2 iguanas
  14 orc wizards
  Robin (D:2)
  8 adders
  9 gnolls
  A shadow imp (D:5)
  2 white imps
  3 ufetubi
  4 dart slugs
  74 orcs
  6 bats
  2 bat skeletons (D:10)
  3 bat zombies (D:10)
  6 endoplasms
  6 giant cockroaches
  21 goblins
  11 hobgoblins
  7 jackals
  28 kobolds
  2 quokkas
  5 ball pythons
  4 frilled lizards
  9 rats
  A butterfly (Lair:4)
767 creatures vanquished.

Vanquished Creatures (collateral kills)
  A sun demon (Orc:2)
  An orc sorcerer (Orc:2)
2 creatures vanquished.

Vanquished Creatures (others)
  A bullfrog (Lair:1)
  9 ball lightnings (Lair:5)
  95 foxfires
  23 fungi
  33 plants
  10 withered plants
171 creatures vanquished.

Grand Total: 940 creatures vanquished

Notes
Turn   | Place    | Note
-------+----------+-------------------------------------------
     0 | D:1      | hikkokomori the Tengu Wanderer began the quest for the Orb.
     0 | D:1      | hikkokomori set off with the following items: a +0 dagger,
                  | 4 throwing nets, a wand of polymorph (7), a potion of heal
                  | wounds, a +0 leather armour; and the following spell
                  | memorised: Foxfire; and the following spells available to
                  | memorise: Dazzling Flash.
     0 | D:1      | Reached XP level 1. HP: 12/12 MP: 4/4
    62 | D:1      | Reached XP level 2. HP: 9/16 MP: 6/6
   345 | D:1      | Reached skill level 1 in Stealth
   352 | D:1      | Reached XP level 3. HP: 20/20 MP: 7/7
   734 | D:2      | Noticed Robin
  1155 | D:2      | Killed Robin
  1156 | D:2      | Reached skill level 1 in Short Blades
  1156 | D:2      | Reached XP level 4. HP: 26/26 MP: 8/8
  1657 | D:3      | Gained mutation: Your magical nature lets you fly swiftly
                  | and evasively. [Tengu growth]
  1657 | D:3      | Reached XP level 5. HP: 16/31 MP: 9/9
  2189 | D:4      | Noticed a black bear
  2200 | D:4      | a black bear changed into an acid dragon
  2200 | D:4      | Noticed an acid dragon
  2205 | D:4      | an acid dragon changed into a killer bee
  2217 | D:4      | Reached skill level 1 in Throwing
  2352 | D:4      | Noticed a water moccasin
  2374 | D:4      | Killed a water moccasin
  2375 | D:4      | Reached XP level 6. HP: 5/37 MP: 8/10
  2625 | D:4      | Found a basalt altar of Yredelemnul.
  2856 | D:4      | Reached skill level 1 in Fire Magic
  2856 | D:4      | Reached XP level 7. HP: 19/41 MP: 11/11
  3172 | D:4      | Found a radiant altar of Vehumet.
  3187 | D:4      | Became a worshipper of Vehumet
  3296 | D:5      | Entered Level 5 of the Dungeon
  3458 | D:5      | Identified the +2 whip of Disorder {freeze, Str+2 Int+4}
  3556 | D:5      | Found a bloodstained altar of Trog.
  3794 | D:5      | Identified the +3 ring mail of Brilliance {*Corrode Will+
                  | Int+3 Dex+8}
  3847 | D:5      | Reached XP level 8. HP: 46/48 MP: 12/12
  3900 | D:5      | Found a staircase to the Ecumenical Temple.
  3954 | D:5      | Reached * piety under Vehumet
  3954 | D:5      | Offered knowledge of Freeze by Vehumet.
  3971 | D:5      | Learned a level 3 spell: Swiftness
  4153 | D:5      | Reached skill level 1 in Shields
  4213 | D:5      | Reached skill level 1 in Air Magic
  4498 | D:6      | Noticed Dowan
  4500 | D:6      | Noticed Duvessa
  4529 | D:6      | Killed Duvessa
  4533 | D:6      | Killed Dowan
  4534 | D:6      | Reached skill level 5 in Conjurations
  4538 | D:6      | Reached skill level 5 in Stealth
  4601 | D:6      | Upgraded the game from 0.30-a0-870-gc5d4c5acee to
                  | 0.30-a0-879-ga8ba668304
  4702 | D:6      | Noticed Prince Ribbit
  4706 | D:6      | Killed Prince Ribbit
  4710 | D:6      | Learned a level 2 spell: Static Discharge
  4716 | D:6      | Learned a level 5 spell: Arcjolt
  4746 | D:6      | Reached XP level 9. HP: 52/52 MP: 13/13
  5353 | D:7      | Reached skill level 5 in Air Magic
  5388 | D:7      | Offered knowledge of Scorch by Vehumet.
  5430 | D:7      | Reached ** piety under Vehumet
  5718 | D:6      | Reached skill level 1 in Armour
  6019 | D:7      | Found a hide-covered altar of Uskayaw.
  6133 | D:7      | Found a stormy altar of Qazlal.
  6237 | D:8      | Noticed a hornet
  6246 | D:8      | Killed a hornet
  6247 | D:8      | Reached skill level 5 in Shields
  6247 | D:8      | Reached XP level 10. HP: 54/58 MP: 15/15
  6406 | D:8      | Noticed Maurice
  6407 | D:8      | Maurice changed into Maurice the sky beast
  6407 | D:8      | Noticed Maurice
  6420 | D:8      | Killed Maurice the sky beast
  6484 | D:8      | Offered knowledge of Kindle Blastsparks by Vehumet.
  6895 | D:8      | Found a snail-covered altar of Cheibriados.
  7008 | D:9      | Found a staircase to the Orcish Mines.
  7015 | D:9      | Reached *** piety under Vehumet
  7380 | D:9      | Noticed a manticore
  7392 | D:9      | Killed a manticore
  7393 | D:9      | Reached skill level 5 in Fighting
  7429 | D:9      | Learned a level 5 spell: Lightning Bolt
  7817 | D:10     | Entered Level 10 of the Dungeon
  7884 | D:10     | Noticed a tengu warrior
  7934 | Orc:1    | Entered Level 1 of the Orcish Mines
  7940 | Orc:1    | Offered knowledge of Inner Flame by Vehumet.
  8436 | Orc:1    | Noticed a cyclops
  8555 | Orc:1    | Killed a cyclops
  8556 | Orc:1    | Reached skill level 5 in Spellcasting
  8556 | Orc:1    | Reached XP level 11. HP: 63/63 MP: 9/19
  8862 | Orc:2    | Entered Level 2 of the Orcish Mines
  9038 | Orc:2    | Found a staircase to the Elven Halls.
  9320 | Orc:2    | Reached **** piety under Vehumet
  9474 | Orc:2    | Offered knowledge of Stone Arrow by Vehumet.
  9489 | Orc:2    | Learned a level 3 spell: Stone Arrow
  9539 | Orc:2    | Found Kulliah's Armour Shoppe.
  9649 | Orc:2    | Noticed an orc knight
  9653 | Orc:2    | Killed an orc knight
  9656 | Orc:2    | Reached skill level 1 in Maces & Flails
  9777 | Orc:2    | Noticed Donald
  9779 | Orc:2    | Killed Donald
  9780 | Orc:2    | Reached skill level 5 in Dodging
  9902 | Orc:2    | Found Jogixaho's General Store.
  9904 | Orc:2    | Found Leow's Magic Scroll Shop.
  9911 | Orc:2    | Reached ***** piety under Vehumet
  9913 | Orc:2    | Offered knowledge of Eringya's Noxious Bog by Vehumet.
  9918 | Orc:2    | Reached skill level 5 in Evocations
 10044 | Orc:2    | Bought a scroll of amnesia for 60 gold pieces
 10064 | Orc:2    | Noticed a sun demon
 10265 | D:10     | a tengu warrior changed into a glowing orange brain
 10265 | D:10     | Noticed a glowing orange brain
 10401 | D:10     | Killed a glowing orange brain
 10609 | D:10     | Found the +18 Lear's hauberk
 10696 | D:10     | Found a staircase to the Lair.
 11025 | D:10     | Found a sacrificial altar of Ru.
 11229 | D:10     | Found an ancient bone altar of Kikubaaqudgha.
 11597 | D:11     | Reached XP level 12. HP: 63/70 MP: 22/23
 11653 | Lair:1   | Entered Level 1 of the Lair of Beasts
 13107 | Lair:2   | Noticed a four-headed hydra
 13114 | Lair:2   | Killed a four-headed hydra
 13118 | Lair:2   | Noticed a six-headed hydra
 13126 | Lair:2   | Killed a six-headed hydra
 13141 | Lair:2   | Identified the +8 rapier of Contradiction {spect, Int+3}
 13144 | Lair:2   | Found a hole to the Spider Nest.
 13859 | Lair:3   | Found a staircase to the Swamp.
 14180 | Lair:3   | Reached XP level 13. HP: 37/76 MP: 24/25
 14425 | Lair:3   | Offered knowledge of Conjure Ball Lightning by Vehumet.
 14623 | Lair:3   | Reached skill level 10 in Air Magic
 14700 | Lair:3   | Reached skill level 1 in Earth Magic
 14900 | Lair:3   | Found a runed translucent gate.
 14900 | Lair:3   | Found a runed translucent gate.
 14900 | Lair:3   | Found a runed translucent gate.
 14905 | Lair:3   | Noticed Jeuts's ghost (journeyman MiFi)
 14905 | Lair:3   | Noticed Ifaaq's ghost (journeyman MiFi)
 14985 | Lair:3   | Reached skill level 10 in Conjurations
 15626 | Lair:4   | Reached skill level 5 in Armour
 16857 | Lair:5   | Entered Level 5 of the Lair of Beasts
 16904 | Lair:5   | Learned a level 6 spell: Conjure Ball Lightning
 17082 | Lair:5   | Learned a level 3 spell: Vhi's Electric Charge
 17265 | Lair:5   | Got the Folio of Gusty Transfiguration
 17327 | Lair:5   | Reached XP level 14. HP: 84/84 MP: 24/27
 17328 | Lair:5   | Found a staircase to the Slime Pits.
 17953 | Lair:5   | Reached skill level 5 in Short Blades
 18624 | Lair:5   | Found a corrupted altar of Lugonu.
 18624 | Lair:5   | Found a one-way gate to the infinite horrors of the Abyss.
 19864 | Orc:2    | Found Dicveam's Antique Armour Shoppe.
 19864 | Orc:2    | Found a one-way gate leading to the halls of Pandemonium.
 19864 | Orc:2    | Found Corr's Jewellery Emporium.
 19988 | Orc:2    | Bought a glowing cloak for 112 gold pieces
 20047 | Orc:2    | Bought a scarf of resistance for 448 gold pieces
 20082 | Elf:1    | Entered Level 1 of the Elven Halls
 20157 | Elf:1    | Reached skill level 10 in Dodging
 20287 | Elf:1    | Identified the +7 quarterstaff of the Swamp {elec, rElec
                  | Str+3}
 20303 | Elf:1    | Reached XP level 15. HP: 92/92 MP: 14/29
 21327 | D:12     | Noticed Snorg
 21334 | D:12     | Offered knowledge of Irradiate by Vehumet.
 21343 | D:11     | Learned a level 5 spell: Irradiate
 21371 | D:12     | Noticed Frances
 21372 | D:12     | Killed Snorg
 21492 | D:12     | Noticed Urug
 21494 | D:12     | Killed Urug
 21495 | D:12     | Reached skill level 10 in Fighting
 21660 | D:12     | Killed Frances
 21821 | D:12     | Noticed Nergalle
 21830 | D:12     | Killed Nergalle
 21831 | D:12     | Reached skill level 1 in Transmutations
 21834 | D:12     | Reached skill level 10 in Spellcasting
 22109 | D:13     | Noticed Rupert
 22109 | D:13     | Found a gate to the Vaults.
 22117 | D:13     | Killed Rupert
 22376 | D:13     | Found Qeraugh's Jewellery Shoppe.
 22385 | D:13     | Bought the amulet "Rujen" {Will+ Regen+} for 426 gold
                  | pieces
 22385 | D:13     | Bought a ring of see invisible for 150 gold pieces
 23521 | D:14     | Noticed Lodul
 23528 | D:14     | Killed Lodul
 23768 | D:14     | Found a transporter.
 23780 | D:14     | Noticed kenny's ghost (journeyman DECj)
 23782 | D:14     | Identified the +2 giant club of Zikhay {venom, Int+3}
 24026 | D:14     | Found a transporter.
 24043 | D:14     | Killed kenny's ghost
 24046 | D:14     | Reached XP level 16. HP: 99/99 MP: 16/31
 24055 | D:14     | Identified the amulet of Waphyrhu {Faith Rampage Str+2
                  | Int-5}
 24165 | D:15     | Entered Level 15 of the Dungeon
 24178 | D:15     | Noticed Louise
 24183 | D:15     | Noticed Nessos
 24184 | D:15     | Killed Nessos
 24187 | D:15     | Killed Louise
 24187 | D:15     | Offered knowledge of Ozocubu's Refrigeration by Vehumet.
 24408 | D:15     | Reached ****** piety under Vehumet
 24750 | D:15     | Learned a level 7 spell: Ozocubu's Refrigeration
 24838 | D:15     | Found a staircase to the Depths.
 26037 | Spider:1 | Entered Level 1 of the Spider Nest
 27056 | Spider:1 | Offered knowledge of Freezing Cloud by Vehumet.
 27067 | Spider:1 | Learned a level 5 spell: Freezing Cloud
 28295 | Spider:2 | Noticed Asterion
 28301 | Spider:2 | Noticed Arachne
 28306 | Spider:2 | Killed Asterion
 28534 | Spider:2 | Mangled by Arachne

Illustrated notes

Levels and vault maps discovered:
D:1:      eino_arrival_tree_alley, layout_basic
D:2:      layout_rooms, uniq_robin
D:3:      layout_basic
D:4:      layout_loops_cross, mainiacjoe_overflow_alcove_1,
          mainiacjoe_overflow_surrounded_room
D:5:      layout_loops_ring, trog_butcher_becter, minmay_temple_entry_poolview,
          st_stairs_7, corexii_shack, minivault_27
D:6:      layout_loops_ring, uniq_prince_ribbit1, uniq_duvessa
D:7:      layout_rooms, nicolae_uskayaw_dance_studio, grunt_qazlal_sundering,
          minmay_stone_trees_small
D:8:      layout_rooms, mainiacjoe_overflow_alcove_4, uniq_maurice
D:9:      layout_loops_ring, orc_david_3
D:10:     layout_irregular_city, lemuel_coloured_pillars_altar,
          kennysheep_vampire_church, erik_lair_island,
          hellmonk_guarded_unrand_lears
D:11:     layout_roguey
D:12:     layout_gridville, drop_trap, kennysheep_generic_room_3, uniq_urug,
          uniq_frances, uniq_snorg, uniq_nergalle
D:13:     layout_basic, david_vaults_3, serial_shops,
          nicolae_shop_advertising_works [nicolae_subvault_shop_adworks],
          uniq_rupert
D:14:     layout_loops_ring, amcnicky_mini_pool_small, gammafunk_ghost_smash,
          minmay_misc_feat_rows, uniq_lodul
D:15:     gammafunk_depths_entry_grave, layout_irregular_city,
          nicolae_concentric_dashed_squares_wild,
          hangedman_abyss_or_decor_jellyfish_corner, drop_trap, uniq_nessos,
          uniq_louise
Lair:1:   layout_layer_cave, infiniplex_staircase_pool, serial_bayou_shore_a
Lair:2:   layout_roguey, spider_nest_entry_a
Lair:3:   minmay_lair_oklob_tunnel, layout_cave_pods, skrybe_swamp_entry_bodies,
          gammafunk_ghost_cemetery, beast_lair_carwin_6, serial_bayou_shore_b
Lair:4:   layout_gridlike, grunt_forest_small_clearing_treed,
          lemuel_fruit_fields, lemuel_fruit_fields, serial_bayou_shore_b,
          grunt_megastairs_5
Lair:5:   hellmonk_lair_end_abyssal_woods, layout_long_grid,
          minmay_slime_entry_pillars
Spider:1: layout_chambers
Spider:2: layout_spider_delve, uniq_asterion, uniq_arachne, uniq_mlioglotl
Orc:1:    layout_caves, basic_altar
Orc:2:    pf_orc_diabolical, layout_caves, basic_altar, serial_shops,
          nicolae_shop_behind_doors, nicolae_orc_rockfall, uniq_donald
Elf:1:    elf_arrival_001, layout_rooms, serial_shops,
          nicolae_shop_hallway_plus, minmay_elf_sorcery, elves_outpost_lemuel

Skill      XL: |  1  2  3  4  5  6  7  8  9 10 11 12 13 14 15 16 |
---------------+-------------------------------------------------+-----
Conjurations   | 2 4 5 7 9 10 12 13 14 | 14.4
Stealth        | 1 2 3 4 5 6 7 8 9 |  9.0
Fighting       | 2 3 4 5 6 7 8 9 10 11 | 11.0
Short Blades   | 1 2 3 4 6 8 |  8.6
Throwing       | 1 3 4 |  4.0
Fire Magic     | 1 2 |  2.6
Shields        | 3 5 6 |  6.2
Air Magic      | 3 6 8 9 11 12 13 14 | 14.6
Armour         | 1 3 4 6 7 |  7.0
Spellcasting   | 3 5 6 7 8 9 10 11 | 11.1
Evocations     | 4 5 6 |  6.4
Maces & Flails | 3 4 |  4.8
Dodging        | 5 7 8 10 | 10.9
Earth Magic    | 2 |  2.5
Transmutations | 3 |  3.6

Action                     |  1- 3 |  4- 6 |  7- 9 | 10-12 | 13-15 | 16-18 || total
---------------------------+-------+-------+-------+-------+-------+-------++-------
  Melee: Dagger            |   110 |   202 |   362 |    96 |       |       ||   770
         Kick              |    25 |    54 |   121 |    97 |   110 |    22 ||   429
         Peck              |     8 |    36 |    75 |    61 |    73 |    11 ||   264
         Punch             |     3 |       |     4 |       |       |       ||     7
         Unarmed           |    18 |       |       |       |       |       ||    18
         Whip              |       |       |       |   148 |     1 |       ||   149
         Short sword       |       |       |       |     2 |       |       ||     2
         Rapier            |       |       |       |       |   236 |    56 ||   292
  Throw: Javelin           |     3 |     4 |    18 |     7 |       |       ||    32
         Dart              |     1 |       |     2 |     5 |       |     2 ||    10
         Throwing net      |     1 |       |     2 |       |     1 |       ||     4
   Cast: Foxfire           |     1 |     3 |    29 |    28 |       |       ||    61
         Static Discharge  |       |       |    12 |     4 |       |       ||    16
         Swiftness         |       |       |     2 |     1 |     1 |       ||     4
         Lightning Bolt    |       |       |       |   102 |   177 |   133 ||   412
         Arcjolt           |       |       |       |    52 |    67 |    22 ||   141
         Stone Arrow       |       |       |       |    21 |    80 |    21 ||   122
         Conjure Ball Ligh |       |       |       |       |     3 |       ||     3
         Vhi's Electric Ch |       |       |       |       |     1 |       ||     1
         Irradiate         |       |       |       |       |     3 |       ||     3
         Freezing Cloud    |       |       |       |       |       |     3 ||     3
  Evoke: Wand              |       |     4 |       |     8 |     8 |     4 ||    24
         Box of beasts     |       |       |       |       |     1 |       ||     1
         Condenser vane    |       |       |       |       |     1 |       ||     1
    Use: Scroll            |       |     5 |    10 |     7 |     6 |     6 ||    34
         Potion            |       |     5 |     8 |     3 |       |     1 ||    17
   Stab: Sleeping          |     3 |     5 |    15 |     5 |     6 |     1 ||    35
         Held in net/web   |     1 |       |     2 |       |     1 |       ||     4
         Distracted        |       |       |       |     2 |     9 |       ||    11
 Armour: Leather armour    |    25 |    37 |     4 |       |       |       ||    66
         Skin              |    27 |     7 |    85 |       |       |       ||   119
         Ring mail         |       |       |    55 |    81 |    57 |    13 ||   206
  Dodge: Dodged            |   110 |   143 |   250 |   259 |   331 |   105 ||  1198
  Block: Buckler           |       |       |    16 |   152 |   133 |    40 ||   341

Table legend: (Time is in decaauts)
 A = Elapsed time spent in this place.
 B = Non-inter-level travel time spent in this place.
 C = Inter-level travel time spent in this place.
 D = Time resting spent in this place.
 E = Time spent auto-exploring this place.
 F = Levels seen in this place.
 G = Mean time per level.
                   A        B        C        D        E       F      G
               +--------+--------+--------+--------+--------+-----+--------+
         Total |  26989 |  25918 |   1071 |   6389 |  14081 |  25 | 1079.6 |
       Dungeon |  13979 |  13366 |    613 |   2356 |   7826 |  15 |  931.9 |
          Lair |   7162 |   6888 |    274 |   1578 |   4181 |   5 | 1432.4 |
   Spider Nest |   2275 |   2239 |     36 |    727 |   1213 |   2 | 1137.5 |
  Orcish Mines |   3329 |   3183 |    146 |   1588 |    845 |   2 | 1664.5 |
   Elven Halls |    242 |    242 |      0 |    139 |     13 |   1 |  242.0 |
               +--------+--------+--------+--------+--------+-----+--------+

Top non-repeatable levels by time:
   Orc:2: 2381 daAuts
Spider:1: 2015 daAuts
  Lair:5: 1944 daAuts
  Lair:3: 1803 daAuts
    D:15: 1399 daAuts
    D:14: 1365 daAuts
    D:10: 1305 daAuts
  Lair:2: 1224 daAuts
  Lair:1: 1180 daAuts
     D:1: 1125 daAuts
     D:6: 1043 daAuts
     D:4: 1024 daAuts
  Lair:4: 1009 daAuts
     D:5: 1003 daAuts
     D:9: 955 daAuts
